 Dungeon Crawl Stone Soup version 0.31-a0-198-g2ad674f65e (webtiles) character file.

Game seed: 13631724403651862810

2342 qw the Skirmisher (level 9, -5/51 HPs)
             Began as a Deep Elf Hunter on June 25, 2023.
             Was an Initiate of Okawaru.
             Slain by a yak (9 damage)
             ... on level 8 of the Dungeon.
             The game lasted 00:02:31 (5476 turns).

qw the Skirmisher (Deep Elf Hunter)                 Turns: 5476, Time: 00:02:32

Health: -5/51      AC: 11    Str: 12    XL:     9   Next: 20%
Magic:  11/11      EV: 13    Int: 15    God:    Okawaru [......]
Gold:   36         SH:  0    Dex: 18    Spells: 8/8 levels left

rFire   . . .        Y - +1 longbow
rCold   + . .        (shield currently unavailable)
rNeg    + . .        o - +1 ring mail {rPois}
rPois   +            l - +0 helmet
rElec   +            s - +0 cloak
rCorr   .            g - +2 pair of gloves
SInv    .            (no boots)
Will    .....        m - amulet of the acrobat
Stlth   +            b - ring of Dusubluta {Wiz rElec rN+}
HPRegen 0.28/turn    p - ring of protection from cold
MPRegen 0.12/turn

%: acrobat, wizardry (x1)
@: about to teleport
A: no striking features
a: Renounce Religion


You were on level 8 of the Dungeon.
You worshipped Okawaru.
Okawaru was noncommittal.
You visited 2 branches of the dungeon, and saw 9 of its levels.

You collected 476 gold pieces.
You spent 440 gold pieces at shops.


   Skills:
 - Level 3.5 Fighting
 + Level 14.6 Ranged Weapons
 - Level 2.0 Armour
 - Level 5.0 Dodging
 - Level 1.2 Stealth


You had 8 spell levels left.
You didn't know any spells.
Your spell library was empty.

Inventory:

Hand Weapons
 Y - a +1 longbow (weapon)
Armour
 d - the +0 ring mail of Pathos {Harm Rampage Fly Regen+}
   (You found it on level 2 of the Dungeon)

   Fly:       It grants you flight.
   Regen:     It increases your rate of health regeneration.
   Harm:      It increases damage dealt and taken.
   Rampage:   It bestows one free step when moving towards enemies.
 g - a +2 pair of gloves (worn)
 i - a +1 robe of fire resistance
 l - a +0 helmet (worn)
 o - a +1 ring mail of poison resistance (worn)
 s - a +0 cloak (worn)
Jewellery
 b - the ring of Dusubluta (left hand) {Wiz rElec rN+}
   (You acquired it on level 2 of the Dungeon)

   [ring of wizardry]

   It improves your spell success rate.
   rElec:     It insulates you from electricity.
   rN:        It protects you from negative energy.
 m - an amulet of the acrobat (around neck)
 p - a ring of protection from cold (right hand)
 q - a ring of protection from fire
 r - a +4 ring of protection
Scrolls
 a - 3 scrolls of identify
Potions
 c - a potion of heal wounds
 e - a potion of cancellation
 f - a potion of haste
 h - a potion of magic {unknown}
 j - 2 potions of might {unknown}
 k - a potion of brilliance {unknown}
 t - a potion of attraction {unknown}

Dungeon Overview and Level Annotations

Branches:
Dungeon (8/15)             Temple (1/1) D:6
   Lair: D:8-11

Altars:
Ashenzari
Cheibriados
Dithmenos
Elyvilon
Fedhas
Gozag
Hepliaklqana
Kikubaaqudgha
Makhleb
Nemelex Xobeh
Okawaru
Qazlal
Ru
Sif Muna
Trog
Uskayaw
Vehumet
Wu Jian
Xom
Yredelemnul
Zin
The Shining One

Shops:
D:5 (   D:6 *[(   D:8 ?


Message History

The yak bellows! x2
The arrow hits the yak!
The yak is moderately wounded.
A yak comes into view. x2
You shoot an arrow.
The arrow hits the yak but does no damage.
The yak is severely wounded.
You shoot an arrow. The arrow hits the yak!
The yak is almost dead.
The yak closely misses you.
You shoot an arrow. The arrow hits the yak!
You kill the yak!
Okawaru accepts your kill. The yak closely misses you.
You shoot an arrow. The arrow hits the yak!
The yak is moderately wounded.
The yak gores you. The yak gores you but does no damage.
You shoot an arrow. The arrow completely misses the yak.
The arrow hits the yak!
The yak is severely wounded.
The yak gores you. The yak barely misses you.
You shoot an arrow. The arrow completely misses the yak.
The arrow hits the yak!
The yak is moderately wounded.
The yak closely misses you. The yak gores you! x2
You shoot an arrow. The arrow barely misses the yak.
The arrow hits the yak!!
The yak is almost dead.
The yak barely misses you. The yak gores you!
The yak gores you but does no damage.
5474 ||| READING scroll of teleportation.
As you read the scroll of teleportation, it crumbles to dust.
You feel strangely unstable.
The yak barely misses you. x2; The yak gores you.
The yak gores you but does no damage.
5475 ||| DRINKING 2 potions of heal wounds.
You feel much better. The yak gores you! The yak gores you.
The yak barely misses you. The yak closely misses you.
You shoot an arrow. The arrow hits the yak.
The yak is severely wounded.
The yak closely misses you. The yak gores you! x2
You die...

.......<..# ....... ....
.........# #..... ....
##........####.....
..... ...#........#.....
.....##...........#.....
..................#.../.
......YY...#.#....##....
.##..#YYY....#....##+##'
......Y@#...............
#.....YY#.............#.
>.......#...............
.#....###...............
#.#...........#........
# #...........#........
............##>.......
..#..###....##....(... .
#.. #....# ....).()


You could see 8 yaks.

Vanquished Creatures
  Grinder (D:6)
  A yak (D:8)
  A water moccasin (D:6)
  An orc warrior (D:6)
  A sky beast (D:6)
  2 ogres
  2 centaurs
  2 phantoms
  2 kobold brigands (D:8)
  Blork the orc (D:5)
  A bullfrog (D:6)
  3 scorpions
  2 howler monkeys
  2 jellies
  3 hounds
  3 sleepcaps
  6 iguanas
  4 orc wizards
  5 adders
  4 gnolls (D:2)
  A shadow imp (D:6)
  2 white imps
  3 worms
  4 dart slugs (D:2)
  14 orcs
  5 bats
  6 endoplasms
  8 goblins
  11 hobgoblins
  8 jackals
  5 quokkas
  6 ball pythons
  2 frilled lizards (D:3)
  17 kobolds
  9 rats
  A butterfly (D:7)
149 creatures vanquished.

Notes
Turn   | Place    | Note
-------+----------+-------------------------------------------
     0 | D:1      | qw the Deep Elf Hunter began the quest for the Orb.
     0 | D:1      | Reached XP level 1. HP: 12/12 MP: 3/3
     0 | D:1      | 0 ||| qw: Version: 0.3-a-22-g0ed2b0b
     0 | D:1      | 0 ||| qw: Game counter: 4900
     0 | D:1      | 0 ||| qw: Melee chars always use a shield: true
     0 | D:1      | 0 ||| qw: God list: Okawaru
     0 | D:1      | 0 ||| qw: Allow faded altars: false
     0 | D:1      | 0 ||| qw: Do Orc after clearing Dungeon:15 true
     0 | D:1      | 0 ||| qw: Do second Lair branch before Depths: true
     0 | D:1      | 0 ||| qw: Lair rune preference: random
     0 | D:1      | 0 ||| qw: Goals: Normal
     0 | D:1      | 0 ||| PLANNING D:1-11
   149 | D:1      | Reached XP level 2. HP: 16/16 MP: 4/4
   164 | D:1      | Reached skill level 6 in Ranged Weapons
   546 | D:1      | 546 ||| UPGRADING to +0 ring mail.
   556 | D:1      | 556 ||| DROPPING +0 leather armour.
   557 | D:1      | 557 ||| UPGRADING to +2 pair of gloves.
   562 | D:1      | 562 ||| READING 2 scrolls labelled BODIULE ZIAGU.
   563 | D:1      | 563 ||| DRINKING 2 inky potions.
   564 | D:1      | 564 ||| DRINKING 2 black potions.
   565 | D:1      | 565 ||| DRINKING 2 sedimented cyan potions.
   571 | D:1      | 571 ||| DROPPING scroll of butterflies.
   572 | D:1      | 572 ||| DROPPING potion of ambrosia.
   589 | D:2      | 589 ||| STAIRDANCE
   627 | D:2      | 627 ||| STAIRDANCE
   647 | D:2      | 647 ||| Stepping ~*~*~tactically~*~*~ (outnumbered).
   649 | D:2      | 649 ||| Stepping ~*~*~tactically~*~*~ (outnumbered).
   664 | D:2      | Reached XP level 3. HP: 20/20 MP: 5/5
   671 | D:2      | 671 ||| SWAPPING to +0 orcbow.
   672 | D:2      | 672 ||| DROPPING +0 shortbow.
   675 | D:2      | Identified the +0 ring mail of Pathos {Harm Rampage Fly
                  | Regen+}
   771 | D:2      | Identified the +5 quarterstaff of the Walnut {flame, rF+
                  | rC+ Stlth+}
   962 | D:2      | Reached skill level 7 in Ranged Weapons
   965 | D:2      | 965 ||| Stepping ~*~*~tactically~*~*~ (outnumbered).
   967 | D:2      | 967 ||| Stepping ~*~*~tactically~*~*~ (outnumbered).
   973 | D:2      | HP: 5/20 [gnoll/+0 spear (2)]
   974 | D:2      | 974 ||| DRINKING 2 potions of heal wounds.
   979 | D:2      | Reached XP level 4. HP: 16/25 MP: 6/6
  1260 | D:2      | 1260 ||| UPGRADING to +0 helmet.
  1265 | D:2      | 1265 ||| UPGRADING to +1 ring mail of poison resistance.
  1275 | D:2      | 1275 ||| DROPPING +0 ring mail.
  1276 | D:2      | 1276 ||| DROPPING ring of flight.
  1277 | D:2      | 1277 ||| READING scroll labelled BUIMEE VEFE.
  1278 | D:2      | 1278 ||| READING scroll labelled XIENUE BOMNOSI.
  1279 | D:2      | 1279 ||| READING 2 scrolls labelled QOGAIR EFIRY.
  1284 | D:2      | 1284 ||| READING scroll labelled RITWICL ARYE.
  1284 | D:2      | Identified a scroll of acquirement
  1284 | D:2      | 1284 ||| ACQUIRING ring of Dusubluta {Wiz rElec rN+}
  1284 | D:2      | Acquired the ring of Dusubluta {Wiz rElec rN+}
  1286 | D:2      | 1286 ||| UPGRADING to ring of Dusubluta {Wiz rElec rN+}.
  1346 | D:3      | Found a shadowy altar of Dithmenos.
  1367 | D:3      | Reached skill level 8 in Ranged Weapons
  1485 | D:3      | Found a basalt altar of Yredelemnul.
  1569 | D:3      | Found a stormy altar of Qazlal.
  1597 | D:3      | Found an ancient bone altar of Kikubaaqudgha.
  1599 | D:3      | Found a glowing golden altar of the Shining One.
  1711 | D:3      | Reached XP level 5. HP: 29/29 MP: 7/7
  1889 | D:3      | Found a bloodstained altar of Trog.
  1939 | D:3      | 1939 ||| UPGRADING to amulet of the acrobat.
  1944 | D:3      | 1944 ||| READING scroll labelled TABYIN IRIANUA.
  1945 | D:3      | 1945 ||| READING 2 scrolls of identify.
  1945 | D:3      | 1945 ||| IDENTIFYING emerald potion
  1983 | D:4      | Noticed a phantom
  2003 | D:4      | Killed a phantom
  2004 | D:4      | Reached skill level 9 in Ranged Weapons
  2143 | D:4      | Reached XP level 6. HP: 35/35 MP: 8/8
  2174 | D:4      | 2174 ||| DRINKING potion of curing.
  2174 | D:4      | 2174 ||| (to cure confusion)
  2188 | D:4      | HP: 7/35 [orc/+0 falchion (4)]
  2189 | D:4      | 2189 ||| READING 2 scrolls of teleportation.
  2190 | D:4      | 2190 ||| DRINKING potion of heal wounds.
  2209 | D:4      | 2209 ||| Stepping ~*~*~tactically~*~*~ (outnumbered).
  2221 | D:4      | Reached skill level 1 in Armour
  2368 | D:4      | Found a sparkling altar of Nemelex Xobeh.
  2368 | D:4      | Found an opulent altar of Gozag.
  2447 | D:4      | Found a broken altar of Ashenzari.
  2574 | D:4      | 2574 ||| READING scroll labelled MUITRU FOPLUZOGI.
  2587 | D:5      | Entered Level 5 of the Dungeon
  2589 | D:5      | Noticed Blork the orc
  2594 | D:5      | Killed Blork the orc
  2639 | D:5      | Reached skill level 10 in Ranged Weapons
  2781 | D:5      | Reached skill level 3 in Dodging
  2805 | D:5      | Found a blossoming altar of Fedhas.
  2888 | D:5      | Reached XP level 7. HP: 40/40 MP: 9/9
  3124 | D:5      | Found Bijubops's Antique Weapon Shop.
  3133 | D:5      | 3133 ||| BUYING longbow (162 gold).
  3133 | D:5      | Bought a longbow for 162 gold pieces
  3133 | D:5      | 3133 ||| SWAPPING to +0 longbow.
  3134 | D:5      | 3134 ||| DROPPING +0 orcbow.
  3220 | D:5      | 3220 ||| READING scroll labelled BEB WIEMPEBEUCE.
  3283 | D:5      | 3283 ||| DRINKING 2 bubbling amethyst potions.
  3284 | D:5      | 3284 ||| READING 2 scrolls of identify.
  3284 | D:5      | 3284 ||| IDENTIFYING sedimented coppery potion
  3285 | D:5      | 3285 ||| DROPPING potion of invisibility.
  3286 | D:5      | 3286 ||| DROPPING potion of degeneration.
  3327 | D:6      | 3327 ||| PLANNING SEWER
  3337 | D:6      | Reached skill level 11 in Ranged Weapons
  3500 | D:6      | Reached skill level 12 in Ranged Weapons
  3539 | D:6      | Found Yqioliaq's Antique Weapon Boutique.
  3635 | D:6      | Noticed Grinder
  3645 | D:6      | Paralysed by Grinder for 4 turns
  3649 | D:6      | Killed Grinder
  3650 | D:6      | Reached skill level 3 in Fighting
  3650 | D:6      | Reached XP level 8. HP: 38/46 MP: 10/10
  3870 | D:6      | Reached skill level 13 in Ranged Weapons
  4046 | D:6      | Found Wiext's Fire Supplies.
  4052 | D:6      | 4052 ||| BUYING +1 robe of fire resistance (152 gold).
  4052 | D:6      | Bought a +1 robe of fire resistance for 152 gold pieces
  4052 | D:6      | 4052 ||| SHOPLISTING +2 robe of fire resistance (212 gold,
                  | have 13).
  4052 | D:6      | 4052 ||| SHOPLISTING ring of fire (300 gold, have 13).
  4052 | D:6      | 4052 ||| SHOPLISTING ring of protection from fire (300
                  | gold, have 13).
  4067 | D:6      | 4067 ||| RIP SEWER
  4078 | D:6      | 4078 ||| PLANNING D:1-11
  4151 | D:6      | Found Cuiby's Antique Armour Boutique.
  4159 | D:6      | 4159 ||| SHOPLISTING shiny scale mail (203 gold, have 13).
  4159 | D:6      | 4159 ||| SHOPLISTING troll leather armour (435 gold, have
                  | 13).
  4191 | D:6      | Found a staircase to the Ecumenical Temple.
  4192 | D:6      | 4192 ||| PLANNING TEMPLE
  4192 | D:6      | 4192 ||| UPGRADING to ring of protection from cold.
  4199 | Temple   | Entered the Ecumenical Temple
  4199 | Temple   | Found a transporter.
  4199 | Temple   | Found a transporter.
  4201 | Temple   | Found a transporter.
  4201 | Temple   | Found a transporter.
  4211 | Temple   | 4211 ||| PLANNING D:1-11
  4214 | Temple   | 4214 ||| PLANNING OKAWARU WORSHIP
  4218 | Temple   | Became a worshipper of Warmaster Okawaru
  4219 | Temple   | 4219 ||| PLANNING D:1-11
  4633 | D:7      | Reached skill level 14 in Ranged Weapons
  4832 | D:7      | Found a white marble altar of Elyvilon.
  4861 | D:7      | Found a shimmering blue altar of Sif Muna.
  5007 | D:7      | Reached XP level 9. HP: 37/51 MP: 11/11
  5083 | D:7      | Found a radiant altar of Vehumet.
  5273 | D:7      | 5273 ||| DROPPING +2 leather armour of poison resistance.
  5274 | D:7      | 5274 ||| UPGRADING to +0 cloak.
  5279 | D:7      | 5279 ||| DROPPING +6 ring of intelligence.
  5280 | D:7      | 5280 ||| READING 2 scrolls of identify.
  5280 | D:7      | 5280 ||| IDENTIFYING clear potion
  5376 | D:8      | Found Sugatutu's Magic Scroll Boutique.
  5388 | D:8      | 5388 ||| SHOPLISTING scroll of acquirement (572 gold, have
                  | 148).
  5388 | D:8      | 5388 ||| BUYING scroll of enchant weapon (82 gold).
  5388 | D:8      | Bought a scroll of enchant weapon for 82 gold pieces
  5388 | D:8      | 5388 ||| BUYING scroll of identify (22 gold).
  5388 | D:8      | Bought a scroll of identify for 22 gold pieces
  5388 | D:8      | 5388 ||| BUYING scroll of identify (22 gold).
  5388 | D:8      | Bought a scroll of identify for 22 gold pieces
  5388 | D:8      | 5388 ||| SHOPLISTING scroll of teleportation (33 gold, have
                  | 22).
  5388 | D:8      | 5388 ||| READING scroll of enchant weapon.
  5388 | D:8      | 5388 ||| ENCHANTING +0 longbow.
  5473 | D:8      | HP: 7/51 [yak (13)]
  5474 | D:8      | 5474 ||| READING scroll of teleportation.
  5475 | D:8      | 5475 ||| DRINKING 2 potions of heal wounds.
  5476 | D:8      | Slain by a yak

Levels and vault maps discovered:
D:1:      dpeg_arrival_rooms_a, layout_basic
D:2:      layout_basic
D:3:      layout_rooms, minitemple, mainiacjoe_overflow_surrounded_room,
          lightli_temple_of_fire, grunt_dithmenos_smoke_and_mirrors,
          minmay_increasing_density
D:4:      layout_cave_pools, mainiacjoe_overflow_alcove_4,
          grunt_temple_overflow_opulence
D:5:      layout_basic, fedhas_ov_isle_minmay, serial_shops, shop,
          kennysheep_generic_room_11, uniq_blork_the_orc
D:6:      layout_basic, temple_statues, serial_shops, shop, shop,
          cheibrodos_sewer_entry_bend, nicolae_shop_fire_sale
          [nicolae_sub_dead_trees], st_stairs_7, uniq_grinder
D:7:      layout_gridville, nicolae_elyvilon_peaceful_grove,
          nicolae_sif_muna_little_library, mainiacjoe_overflow_alcove_1,
          kennysheep_generic_room_8
D:8:      minmay_octagon_keep, layout_basic, serial_shops,
          nicolae_shop_temple_entry_statues_fountains, nicolae_shop_dealshenge,
          shop
Temple:   hellmonk_temple_divided_pantheon

Skill      XL: |  1  2  3  4  5  6  7  8  9 |
---------------+----------------------------+-----
Ranged Weapons | 6 7 8 9 10 12 14 | 14.6
Fighting       | 2 3 |  3.5
Armour         | 1 2 |  2.0
Dodging        | 3 5 |  5.0
Stealth        | |  1.2

Action                     |  1- 3 |  4- 6 |  7- 9 || total
---------------------------+-------+-------+-------++-------
   Fire: Shortbow          |    59 |       |       ||    59
         Orcbow            |    37 |   234 |    16 ||   287
         Longbow           |       |       |   192 ||   192
    Use: Potion            |     4 |     2 |     2 ||     8
         Scroll            |     1 |     8 |     5 ||    14
 Armour: Ring mail         |    25 |    77 |    49 ||   151
         Leather armour    |     4 |       |       ||     4
  Dodge: Dodged            |    38 |    88 |    82 ||   208

Table legend:
 A = Non-vault XP
 B = Vault XP
 C = Vault XP percentage of total XP
 D = Non-vault monster count
 E = Vault monster count
 F = Vault count percentage of total count
                 A         B        C        D         E       F
            +---------+---------+-------+---------+---------+-------
      Total |    2771 |     576 |  17.2 |     134 |      14 |   9.5
            +---------+---------+-------+---------+---------+-------
        D:1 |      27 |       0 |   0.0 |      17 |       0 |   0.0
        D:2 |     100 |       0 |   0.0 |      24 |       0 |   0.0
        D:3 |      79 |      12 |  13.2 |      23 |       8 |  25.8
        D:4 |     271 |       0 |   0.0 |      21 |       0 |   0.0
        D:5 |     303 |     132 |  30.3 |       9 |       2 |  18.2
        D:6 |    1203 |     322 |  21.1 |      20 |       3 |  13.0
        D:7 |     375 |     110 |  22.7 |       7 |       1 |  12.5
        D:8 |     413 |       0 |   0.0 |      13 |       0 |   0.0
            +---------+---------+-------+---------+---------+-------
